 Dungeon Crawl Stone Soup version 0.19.1 (webtiles) character file.

114 kreca666 the Cudgeler (level 4, -4/40 HPs)
             Began as a Draconian Berserker on Dec 9, 2016.
             Was a Believer of Trog.
             Slain by a phantom (9 damage)
             ... on level 4 of the Dungeon.
             The game lasted 00:11:25 (2463 turns).

kreca666 the Cudgeler (Draconian Berserker)         Turns: 2463, Time: 00:11:26

Health: -4/40      AC:  5    Str: 19    XL:     4   Next: 66%
Magic:  4/4        EV: 13    Int:  8    God:    Trog [**....]
Gold:   77         SH:  0    Dex: 11    Spells: 0 memorised, 3 levels left

rFire  . . .     SeeInvis .     a - +0 mace
rCold  . . .     Gourm    .     (armour unavailable)
rNeg   . . .     Faith    .     (no shield)
rPois  .         Spirit   .     (helmet restricted)
rElec  .         Reflect  .     (no cloak)
rCorr  .         Harm     .     (no gloves)
MR     .....                    (no boots)
Stlth  +.........               (no amulet)
                                (no ring)
                                (no ring)

@: no status effects
A: unfitting armour, cold-blooded, AC +5
a: Berserk, Trog's Hand, Burn Spellbooks, Renounce Religion


You were on level 4 of the Dungeon.
You worshipped Trog.
Trog was pleased with you.
You were not hungry.

You visited 1 branch of the dungeon, and saw 4 of its levels.

You collected 77 gold pieces.

Inventory:

Hand Weapons
 a - a +0 mace (weapon)
 e - a +0 dagger of flaming
 h - a +0 short sword
 i - a cursed -1 hunting sling
 m - a +0 dagger
 v - a cursed -2 whip
 w - a +0 short sword
 x - a +0 club
Missiles
 l - 37 stones (quivered)
 u - 13 bolts
Armour
 d - a +0 leather armour
 j - a +0 ring mail
 k - a +0 leather armour
Jewellery
 p - an uncursed amulet of rage {unknown}
 q - an uncursed ring of resist corrosion {unknown}
Scrolls
 t - a scroll of remove curse
Potions
 c - 2 potions of curing {unknown}
 f - a potion of flight {unknown}
 g - a potion of degeneration {unknown}
Comestibles
 b - 2 bread rations
 n - 3 fruits
 o - a meat ration
 s - a royal jelly


   Skills:
 + Level 4.0 Fighting
 + Level 4.4 Maces & Flails
 + Level 3.3 Dodging
 + Level 0.4 Stealth


You had 3 spell levels left.
You didn't know any spells.

Dungeon Overview and Level Annotations

Branches:
Dungeon (4/15)
 Temple: D:4-7

Altars:


Innate Abilities, Weirdness & Mutations

Your plain brown scales are hard. (AC +5)
You cannot fit into any form of body armour.
You are cold-blooded and may be slowed by cold attacks.


Message History

You completely miss the phantom.
The phantom is moderately damaged.
The phantom blinks!
You hit the phantom but do no damage.
The phantom is moderately damaged.
The phantom closely misses you.
You completely miss the phantom.
Your tail-slap misses the phantom.
The phantom is lightly damaged.
The phantom blinks!
The phantom completely misses you.
You barely miss the phantom.
The phantom is lightly damaged.
The phantom closely misses you. x2
You hit the phantom but do no damage.
Your tail-slap misses the phantom.
The phantom is lightly damaged.
The phantom hits you.
* * * LOW HITPOINT WARNING * * *
The phantom blinks!
The phantom hits you!
You die...

.... #...## +...# .####
######...# ...#
.........# ###.######
.........# #........#
.........###....@...#
...........')..W....+
.........###))......#
........<..........(##
........######........#
######### #........#
#........# .........+
..........#


You could see a phantom.

Vanquished Creatures
  Ijyb (D:2)
  3 adders (D:2)
  2 worms (D:2)
  2 dart slugs (D:2)
  3 orcs (D:4)
  5 giant cockroaches
  5 goblins
  7 hobgoblins
  7 kobolds
  5 bats
  4 frilled lizards (D:1)
  6 rats
50 creatures vanquished.

Notes
Turn   | Place    | Note
-------+----------+-------------------------------------------
     0 | D:1      | kreca666 the Draconian Berserker began the quest for the Orb.
     0 | D:1      | Reached XP level 1. HP: 19/19 MP: 1/1
   275 | D:1      | Reached XP level 2. HP: 26/26 MP: 2/2
   850 | D:2      | Reached XP level 3. HP: 19/31 MP: 3/3
  1051 | D:2      | You fall through a shaft!
  1099 | D:2      | Noticed Ijyb
  1111 | D:2      | Killed Ijyb
  1111 | D:2      | Reached ** piety under Trog
  1274 | D:2      | Reached XP level 4. HP: 33/40 MP: 4/4
  2417 | D:4      | Noticed a phantom
  2463 | D:4      | Slain by a phantom

Skill      XL: |  1  2  3  4 |
---------------+-------------+-----
Dodging        | 3 |  3.3
Maces & Flails | 4 |  4.4
Fighting       | 4 |  4.0
Stealth        | |  0.4

Action                   |  1- 3 |  4- 6 || total
-------------------------+-------+-------++-------
Melee: Mace              |    99 |    79 ||   178
       Tailslap          |    10 |     4 ||    14
Throw: Stone             |     3 |       ||     3
  Use: Scroll            |     2 |     1 ||     3
  Eat: Meat ration       |     1 |       ||     1
Armor: Skin              |    50 |    22 ||    72
Dodge: Dodged            |    77 |    65 ||   142
